General information
- name: BNet
- type: Ladder 1vs1/FFA
- host: Battle.net
- saver: Boomer
map: MeltingValley
- players: 2
- length: 09:35
- speed: Fast
- version: 1.26 W3XP
- replay type: Public
» download(28 KB)
Players
team 1 (winner)

»
Cadelao (
red | 80 APM | 769 actions | 09:35)
3 Death Knight
2 Death Coil
1 Unholy Aura
» actions
Assign group hotkey | 22 | |
Build / train | 26 | |
Enter build submenu | 18 | |
Enter hero's abilities submenu | 3 | |
Right click | 399 | |
Select / deselect | 130 | |
Select group hotkey | 140 | |
Use ability | 31 | |
769 total
» units
Acolyte | 9 | |
Ghoul | 4 | |
Crypt Fiend | 5 | |
18 total
» buildings
Crypt | 1 | |
Altar of Darkness | 1 | |
Ziggurat | 7 | |
Graveyard | 1 | |
Tomb of Relics | 1 | |
Halls of the Dead | 1 | |
Black Citadel | 1 | |
Necropolis | 1 | |
Sacrificial Pit | 1 | |
Boneyard | 1 | |
16 total
» build order
00:11 Crypt
00:29 Altar of Darkness
00:35 Ziggurat
00:59 Graveyard
01:23 Tomb of Relics
01:52 Ziggurat
03:09 Halls of the Dead
04:27 Ziggurat
05:15 Ziggurat
06:14 Black Citadel
06:18 Necropolis
07:01 Sacrificial Pit
08:42 Ziggurat
08:44 Ziggurat
08:47 Ziggurat
08:52 Boneyard
» items
team 2 (loser)
Boomer (
pink | 54 APM | 515 actions | 09:35)
3 Blood Mage
2 Flame Strike
1 Siphon Mana
» actions
Assign group hotkey | 21 | |
Basic commands | 13 | |
Build / train | 38 | |
Enter build submenu | 22 | |
Enter hero's abilities submenu | 3 | |
Give item / drop item | 3 | |
Right click | 184 | |
Select / deselect | 161 | |
Select group hotkey | 35 | |
Use ability | 35 | |
515 total
» units
Peasant | 12 | |
Footman | 4 | |
Sorceress | 2 | |
18 total
» upgrades
Lumber Harvesting | 1 | |
Sorceress Training | 1 | |
Magic Sentry | 1 | |
Masonry | 1 | |
4 total
» buildings
Altar of Kings | 1 | |
Barracks | 1 | |
Farm | 4 | |
Scout Tower | 9 | |
Arcane Vault | 1 | |
Arcane Tower | 1 | |
Keep | 1 | |
Lumber Mill | 1 | |
Guard Tower | 1 | |
Arcane Sanctum | 1 | |
Castle | 1 | |
Gryphon Aviary | 2 | |
24 total
» build order
00:36 Altar of Kings
00:37 Barracks
00:53 Farm
00:54 Farm
01:05 Farm
01:35 Scout Tower
01:59 Farm
02:29 Arcane Vault
03:17 Arcane Tower
03:50 Keep
04:09 Lumber Mill
04:47 Scout Tower
04:48 Scout Tower
04:49 Scout Tower
04:49 Scout Tower
04:54 Scout Tower
04:55 Scout Tower
04:58 Scout Tower
05:02 Scout Tower
05:36 Guard Tower
06:39 Arcane Sanctum
08:02 Castle
09:19 Gryphon Aviary
09:20 Gryphon Aviary
» items
Scroll of Regeneration | 3 | |
Potion of Invisibility | 1 | |
Boots of Speed | 1 | |
Periapt of Vitality | 1 | |
Staff of Teleportation | 1 | |
Potion of Lesser Invulnerability | 1 | |
8 total
Chat log
(07:14 / All) Boomer: cool mh faggot
(07:32 / All) Boomer: gonna pretend like you don't have mh?
(08:07 / All) Boomer: wow
(09:34 / All) Boomer: yeah sure